 Dungeon Crawl Stone Soup version 0.21.1-1-g345015f (webtiles) character file.

575 zishaf the Archer (level 7, -9/56 HPs)
             Began as a Centaur Hunter on May 14, 2018.
             Was a Follower of Okawaru.
             Killed by divine providence
             ... invoked by an orc priest
              (16 damage)
             ... on level 4 of the Dungeon.
             The game lasted 00:20:55 (5818 turns).

zishaf the Archer (Centaur Hunter)                  Turns: 5818, Time: 00:20:56

Health: -9/56      AC:  5    Str: 14    XL:     7   Next: 12%
Magic:  5/8        EV: 13    Int: 10    God:    Okawaru [*.....]
Gold:   107        SH:  0    Dex: 12    Spells: 6/6 levels left

rFire    + . .     SeeInvis .   b - +2 hand axe (freeze)
rCold    + . .     Gourm    .   (no shield)
rNeg     . . .     Faith    .   h - +1 robe {rC+ rF+}
rPois    .         Spirit   .   (no helmet)
rElec    .         Reflect  .   (no cloak)
rCorr    .         Harm     .   (no gloves)
MR       .....                  (no barding)
Stlth    +++.......             (no amulet)
HPRegen  0.18/turn              u - ring of stealth
MPRegen  0.11/turn              (no ring)

@: heroism, slowed
A: large, hooves 3, deformed body, speed 2, tough skin 3
a: Heroism, Renounce Religion


You were on level 4 of the Dungeon.
You worshipped Okawaru.
Okawaru was aware of your devotion.
You were not hungry.

You visited 2 branches of the dungeon, and saw 6 of its levels.

You collected 107 gold pieces.

Inventory:

Hand Weapons
 a - a +1 shortbow
 b - a +2 hand axe of freezing (weapon)
 e - a +0 short sword
Missiles
 d - an arrow
Armour
 c - a +0 leather armour
 h - a +1 robe of resistance (worn)
 s - a +0 scale mail
Jewellery
 u - a ring of stealth (left hand)
Scrolls
 k - 2 scrolls of teleportation
 n - a scroll of random uselessness {unknown}
 o - 5 scrolls of identify
 r - 2 scrolls of amnesia {unknown}
Potions
 g - a potion of mutation {unknown}
 i - a potion of ambrosia {unknown}
 j - a potion of agility {unknown}
 l - 2 potions of heal wounds {unknown}
 m - 4 potions of curing {unknown}
 p - a potion of brilliance {unknown}
 q - 2 potions of flight {unknown}
Comestibles
 f - 8 rations
 t - 2 chunks of flesh


   Skills:
 + Level 2.9(7.9) Fighting
 - Level 3.3(8.3) Axes
 - Level 9.2(14.2) Bows
 - Level 1.3(6.3) Dodging
 - Level 0.4(5.4) Stealth
 + Level 2.0 Invocations


You had 6 spell levels left.
You didn't know any spells.

Dungeon Overview and Level Annotations

Branches:
Dungeon (5/15)             Temple (1/1) D:4

Altars:
Dithmenos
Elyvilon
Gozag
Hepliaklqana
Nemelex Xobeh
Okawaru
Ru
Sif Muna
Trog
Uskayaw
Vehumet
Wu Jian
Xom
Yredelemnul
Zin


Innate Abilities, Weirdness & Mutations

You have hooves in place of feet.
Armour fits poorly on your strangely shaped body.
You cover ground very quickly.
You have extremely tough skin. (AC +3)


Message History

You hit the orc priest. You freeze the orc priest.
Your kick misses the orc priest.
The orc priest is heavily wounded.
You hit the orc wizard. You freeze the orc wizard.
The orc priest hits you with a flail of protection.
The orc wizard gestures wildly while chanting.
The orc wizard blinks!
The orc priest zaps a wand.
The puff of flame hits you! You resist.
* * * LOW HITPOINT WARNING * * *
You gain the combat prowess of a mighty hero.
The orc priest hits you with a flail of protection!
* * * LOW HITPOINT WARNING * * *
The orc wizard gestures wildly while chanting.
The orc wizard blinks!
You hit the orc priest. You freeze the orc priest.
You kick the orc priest, but do no damage.
The orc priest is severely wounded.
The orc priest calls down the wrath of Beogh upon you.
Beogh smites you!
You die...

#.#^#
#################...###
#.............#.'._.'.#
#.##########..).#...#.#
#.# #...)#.#.#.# #.#
#....#.#.#.# #.#
#....#####.######## #.#
#.)....###......... #.#
#.@(............### #.#
#.o....#######..... #.#
#......### #..... #.#
#........# #.#.#. #.#
#######§''########..
#.#
########...########..
#.#
###§§§##§..#.§.§§##..
#.#
##§§§§.#.≈.#§§§§§##..
#.#
##§§.§§#...#§§§§§##..


You could see an orc priest.

Vanquished Creatures
  A sky beast (D:4)
  An ogre (D:4)
  A centaur (D:3)
  2 scorpions (D:4)
  5 crimson imps
  A bullfrog zombie (D:5)
  3 orc priests
  A bullfrog skeleton (D:5)
  4 hounds
  3 orc wizards
  2 worker ants
  2 adders
  4 worms
  A dart slug (D:2)
  4 leopard geckos
  21 orcs
  7 giant cockroaches
  6 goblins
  12 hobgoblins
  7 jackals
  8 kobolds
  A quokka (D:3)
  11 bats
  6 frilled lizards
  7 rats
  A butterfly (D:4)
122 creatures vanquished.

Notes
Turn   | Place    | Note
-------+----------+-------------------------------------------
     0 | D:1      | zishaf the Centaur Hunter began the quest for the Orb.
     0 | D:1      | Reached XP level 1. HP: 17/17 MP: 1/1
   159 | D:1      | Reached skill level 1 in Axes
   159 | D:1      | Reached XP level 2. HP: 24/24 MP: 2/2
   620 | D:1      | Reached skill level 6 in Bows
   658 | D:1      | Reached XP level 3. HP: 29/29 MP: 3/3
   873 | D:2      | Found a shadowy altar of Dithmenos.
  1490 | D:3      | Reached XP level 4. HP: 36/36 MP: 4/4
  1545 | D:3      | Found a hide-covered altar of Uskayaw.
  1601 | D:3      | Found a glowing silver altar of Zin.
  2011 | D:3      | Reached skill level 7 in Bows
  2058 | D:3      | Reached XP level 5. HP: 38/41 MP: 5/5
  2809 | D:3      | Noticed a centaur
  2815 | D:3      | Killed a centaur
  2815 | D:3      | Reached skill level 8 in Bows
  3241 | D:4      | Reached XP level 6. HP: 48/48 MP: 6/6
  3249 | D:4      | Found a white marble altar of Elyvilon.
  3548 | D:4      | Found a staircase to the Ecumenical Temple.
  3581 | Temple   | Entered the Ecumenical Temple
  3719 | Temple   | Became a worshipper of Hepliaklqana the Forgotten
  3754 | Temple   | Fell from the grace of Hepliaklqana
  3761 | Temple   | Became a worshipper of Warmaster Okawaru
  3897 | D:4      | Found a sparkling altar of Nemelex Xobeh.
  3938 | D:4      | Found a shimmering altar of Xom.
  4009 | D:4      | Noticed a sky beast
  4204 | D:4      | Killed a sky beast
  4204 | D:4      | Reached * piety under Okawaru
  4806 | D:5      | Entered Level 5 of the Dungeon
  5008 | D:5      | Was forgiven by Hepliaklqana
  5024 | D:4      | Reached skill level 9 in Bows
  5481 | D:5      | Reached skill level 1 in Invocations
  5481 | D:5      | Reached XP level 7. HP: 27/56 MP: 5/8
  5818 | D:4      | Killed from afar by an orc priest

Skill      XL: |  1  2  3  4  5  6  7 |
---------------+----------------------+-----
Axes           | 1 2 3 |  3.3
Bows           | 6 7 8 9 |  9.2
Invocations    | 1 2 |  2.0
Fighting       | |  2.9
Dodging        | |  1.3
Stealth        | |  0.4

Action                   |  1- 3 |  4- 6 |  7- 9 || total
-------------------------+-------+-------+-------++-------
Melee: Hand axe          |     2 |    68 |    10 ||    80
       Kick              |     1 |     8 |     3 ||    12
       Punch             |       |     2 |       ||     2
 Fire: Shortbow          |   126 |   230 |    10 ||   366
Invok: Heroism           |       |     4 |     2 ||     6
       Ancestor Identity |       |     1 |       ||     1
       Renounce Religion |       |     1 |       ||     1
  Use: Scroll            |       |     4 |       ||     4
  Eat: Chunk             |       |     6 |       ||     6
       Ration            |       |     1 |     1 ||     2
Armor: Leather armour    |     1 |       |       ||     1
       Robe              |    12 |    41 |     2 ||    55
Dodge: Dodged            |    22 |   112 |    10 ||   144
